 Dungeon Crawl Stone Soup version 0.28-a0-1518-gbe868bca14 (webtiles) character file.

Game seed: 3169898097329542335

9 knot the Chopper (level 2, 24/24 HPs)
             Began as a Demonspawn Berserker on Jan 16, 2022.
             Was a Follower of Trog.
             Quit the game on level 1 of the Dungeon.
             The game lasted 00:00:18 (388 turns).

knot the Chopper (Demonspawn Berserker)              Turns: 388, Time: 00:00:19

Health: 24/24      AC:  2    Str: 17    XL:     2   Next: 3%
Magic:  2/2        EV: 12    Int:  8    God:    Trog [*.....]
Gold:   9          SH:  0    Dex: 12    Spells: 1/1 levels left

rFire   . . .      SeeInvis .   a - +0 hand axe
rCold   . . .      Faith    .   (no shield)
rNeg    . . .      Spirit   .   b - +0 animal skin
rPois   .          Reflect  .   (no helmet)
rElec   .          Harm     .   (no cloak)
rCorr   .          Rampage  .   (no gloves)
Will    .....                   (no boots)
Stlth   +.........              (no amulet)
HPRegen 0.08/turn               (no ring)
MPRegen 0.08/turn               (no ring)

@: no status effects
A: weakness stinger 1
a: Renounce Religion, Berserk


You were on level 1 of the Dungeon.
You worshipped Trog.
Trog was aware of your devotion.
You visited 1 branch of the dungeon, and saw 1 of its levels.

You collected 9 gold pieces.

Inventory:

Hand Weapons
 a - a +0 hand axe (weapon)
Armour
 b - a +0 animal skin (worn)


   Skills:
 - Level 3.0 Fighting
 + Level 3.2 Axes
 - Level 1.7 Armour
 - Level 1.7 Dodging


You had one spell level left.
You didn't know any spells.
Your spell library was empty.

Dungeon Overview and Level Annotations

Branches:
Dungeon (1/15)

Altars:


Innate Abilities, Weirdness & Mutations

You have a small tail.


Message History

You recover from your berserk rage.
You start resting.
HP restored.
There is a faded altar of an unknown god here.
You see here a -1 dagger.
You see here a hobgoblin skeleton.
You now have 9 gold pieces.
Items here: )) รทรท.
A kobold comes into view. It is wielding a +3 dagger of pain.
The kobold shouts!
A kobold is nearby!
A kobold is nearby!
The kobold hits you with a +3 dagger of pain.
You hit the kobold.
You kill the kobold!
Trog accepts your kill.
No target in view!
No target in view!
No target in view!
You see here a +3 dagger of pain.
A ball python comes into view.
Found 12 gold pieces and a leather armour.
The ball python hisses angrily.
A ball python is nearby!
A ball python is nearby!
A goblin comes into view. It is wielding a +0 club.
You hit the ball python.
The ball python is severely wounded.
The ball python bites you. The ball python closely misses you.
You hit the ball python.
You kill the ball python!
Trog accepts your kill.
You slash the goblin!
You kill the goblin!
Trog accepts your kill.
You have reached level 2!
You feel monstrous as your demonic heritage exerts itself.
Your demonic ancestry asserts itself...
You grow a small tail.
Are you sure you want to abandon this character and quit the game? (Confirm with "yes".)

.$.##.....
..........####
.............#
.............#
........?....#
..#..........#
.............#
.............#
......)@.....#
........###.##
......... #.#
#........##.##########
#........##......)...#
#....[...###########.#
##.......# #.#
#.......# #.# #.#


There were no monsters in sight!

Vanquished Creatures
  3 goblins (D:1)
  2 hobgoblins (D:1)
  A ball python (D:1)
  A frilled lizard (D:1)
  A kobold (D:1)
8 creatures vanquished.

Notes
Turn   | Place    | Note
-------+----------+-------------------------------------------
     0 | D:1      | knot the Demonspawn Berserker began the quest for the Orb.
     0 | D:1      | Reached XP level 1. HP: 18/18 MP: 1/1
    20 | D:1      | Found a faded altar of an unknown god.
   388 | D:1      | Discovered your monstrous ancestry.
   388 | D:1      | Gained mutation: You have a small tail. [demonic ancestry]
   388 | D:1      | Reached XP level 2. HP: 24/24 MP: 2/2
   388 | D:1      | Quit the game

Illustrated notes

Levels and vault maps discovered:
D:1:      lightli_arrival_flooded_house, layout_basic,
          ebering_ecumenical_altar_rust, minmay_small_reverse_x

Skill      XL: |  1 |
---------------+----+-----
Axes           | 3 |  3.2
Fighting       | |  3.0
Armour         | |  1.7
Dodging        | |  1.7

Action                   || total
-------------------------++-------
Melee: Hand axe          ||    13
Invok: Berserk           ||     1
Dodge: Dodged            ||    13

Table legend: (Time is in decaauts)
 A = Elapsed time spent in this place.
 B = Non-inter-level travel time spent in this place.
 C = Inter-level travel time spent in this place.
 D = Time resting spent in this place.
 E = Time spent auto-exploring this place.
 F = Levels seen in this place.
 G = Mean time per level.
                   A        B        C        D        E       F      G
               +--------+--------+--------+--------+--------+-----+--------+
         Total |    402 |    402 |      0 |    192 |    167 |   1 |  402.0 |
       Dungeon |    402 |    402 |      0 |    192 |    167 |   1 |  402.0 |
               +--------+--------+--------+--------+--------+-----+--------+

Top non-repeatable levels by time:
     D:1: 402 daAuts
